Map: Persephone LE

Players

IIIIIIIII - Winner!

  • Race: Terran Terran
  • League: Grandmaster
  • Spawn Location: 7:00

Spirit (souL)

  • Race: Protoss Protoss
  • League: Grandmaster
  • Spawn Location: 11:00

VOD

Have the link to the VOD?

Description

Time

  • Played on: Aug. 18, 2025, 6:06 a.m.
  • Length: 12:06
Show
View Real Time Build Order
Export as new Build Order

IIIIIIIII Terran - Winner!

Build Orders: Mech, Banshee Rush 

Get SALT Encoding   

  12  0:00  SCV  
  13  0:12  SCV  
  14  0:17  Supply Depot  
  14  0:24  SCV  
  15  0:38  SCV  
  15  0:40  Barracks  
  16  0:44  Refinery  
  16  0:50  SCV  
  16  0:52  Refinery  
  17  1:02  SCV  
  18  1:14  SCV  
  19  1:27  Orbital Command, Reaper  
  19  1:29  Supply Depot  
  20  1:42  Factory  
  20  1:53  SCV  
  21  2:04  Barracks Reactor  
  21  2:05  SCV  
  22  2:16  Command Center  
  22  2:20  SCV  
  23  2:26  Hellion  
  25  2:30  Supply Depot  
  25  2:34  SCV  
  26  2:42  Reaper x2  
  28  2:49  Hellion  
  30  2:56  Starport  
  30  2:57  SCV  
  31  3:09  SCV  
  31  3:11  Factory Tech Lab  
  32  3:13  Marine  
  32  3:14  Marine  
  34  3:21  SCV  
  35  3:29  Orbital Command  
  35  3:30  Refinery  
  35  3:31  Marine x2  
  37  3:39  Factory Tech Lab  
  37  3:43  Banshee  
  37  3:44  Cloaking Field  
  37  3:45  SCV  
  39  3:54  Marine x2  
  40  3:56  SCV  
  41  4:03  SCV  
  41  4:08  SCV  
  41  4:09  Siege Tank  
  45  4:22  Marine x2  
  45  4:25  SCV x2  
  45  4:28  Banshee  
  45  4:30  Supply Depot  
  49  4:37  SCV  
  50  4:39  Marine  
  50  4:40  Marine  
  50  4:43  SCV  
  53  4:49  Supply Depot  
  53  4:51  SCV  
  53  4:52  Siege Tank  
  57  4:53  Bunker  
  57  4:58  SCV  
  58  5:03  SCV  
  59  5:11  Command Center  
  59  5:12  Raven  
  61  5:15  SCV x2  
  61  5:17  Marine  
  61  5:18  Refinery, Marine  
  65  5:24  Supply Depot  
  65  5:27  SCV x2  
  67  5:29  Siege Tank  
  70  5:40  SCV  
  70  5:45  Banshee, Marine x2  
  75  5:53  Command Center  
  71  6:07  Marine x2  
  71  6:08  Supply Depot  
  71  6:10  Supply Depot  
  70  6:27  Engineering Bay, Siege Tank  
  70  6:29  SCV x2, Marine  
  73  6:34  Factory  
  73  6:36  Factory  
  73  6:37  Viking  
  75  6:41  SCV x2  
  77  6:47  Supply Depot  
  77  6:50  Armory x2  
  77  6:51  Marine x2  
  77  6:53  SCV x2  
  81  6:59  Missile Turret x2  
  81  7:01  Siege Tank  
  84  7:06  SCV x2  
  86  7:18  SCV, Missile Turret  
  86  7:20  SCV  
  88  7:30  Factory, SCV  
  88  7:31  Factory  
  88  7:35  SCV  
  90  7:41  Siege Tank x2  
  90  7:42  Hellion x2  
  100  7:49  SCV  
  95  8:03  Hellion  
  94  8:13  Siege Tank  
  94  8:15  Siege Tank  
  94  8:25  Factory Tech Lab, Factory Reactor, Viking  
  85  8:39  Hellion x2  
  84  8:44  Planetary Fortress  
  84  8:45  Siege Tank  
  84  8:47  Siege Tank  
  86  8:49  Siege Tank  
  86  8:54  Refinery  
  86  8:55  Terran Vehicle Weapons Level 1, Refinery, Terran Vehicle And Ship Armor Level 1  
  84  8:57  SCV x2  
  84  9:01  Hellion  
  85  9:07  Hellion x3  
  85  9:09  SCV x2  
  93  9:16  Missile Turret  
  93  9:17  Siege Tank  
  93  9:19  Supply Depot  
  93  9:21  SCV x2  
  93  9:23  Hellion, Siege Tank  
  97  9:28  SCV  
  91  9:33  SCV  
  91  9:34  SCV  
  91  9:35  Sensor Tower  
  93  9:38  Supply Depot  
  93  9:39  Mag-Field Accelerator, Drilling Claws  
  93  9:40  SCV  
  93  9:41  Infernal Pre-Igniter  
  93  9:45  Supply Depot  
  94  9:46  SCV  
  94  9:50  Cyclone x2  
  94  9:51  Hellion  
  103  9:53  Missile Turret  
  103  9:56  Hellion x3  
  103  9:58  Cyclone  
  103  9:59  Hellion x2  
  104  10:11  Missile Turret  
  104  10:13  Command Center  
  104  10:14  Hellion x2  
  108  10:22  Cyclone  
  108  10:24  Supply Depot x2  
  108  10:25  Cyclone  
  114  10:30  Cyclone  
  116  10:47  Hellion  
  118  10:54  Cyclone  
  117  10:57  Cyclone  
  117  11:00  Viking  
  120  11:08  Cyclone  
  123  11:15  Hellion x3, Refinery  
  123  11:16  Refinery  
  129  11:19  Supply Depot  
  129  11:20  Supply Depot  
  129  11:27  Cyclone  
  129  11:28  Factory  
  129  11:29  Factory  
  132  11:34  Factory  
  132  11:40  SCV x2  
  132  11:41  SCV  
Show
View Real Time Build Order
Export as new Build Order

Spirit Protoss 

Build Orders: 1 Gate Expand, Blink Stalkers 

Get SALT Encoding   

  12  0:01  Probe  
  13  0:13  Probe  
  14  0:18  Pylon  
  14  0:24  Probe  
  15  0:32  Probe  
  15  0:38  Gateway  
  15  0:40  Probe  
  16  0:49  Assimilator  
  17  0:52  Probe  
  18  1:04  Probe  
  19  1:17  Probe  
  20  1:23  Nexus  
  20  1:32  Probe  
  20  1:33  Cybernetics Core  
  21  1:41  Probe  
  21  1:42  Assimilator  
  22  1:55  Pylon  
  22  1:56  Probe  
  23  2:02  Stalker  
  23  2:13  Probe  
  26  2:16  Twilight Council  
  26  2:26  Probe  
  26  2:29  Stalker  
  27  2:33  Warp Gate  
  27  2:34  Probe  
  30  2:37  Probe  
  30  2:42  Probe, Shield Battery  
  30  2:43  Blink  
  31  2:50  Probe  
  32  2:52  Probe  
  33  3:02  Probe  
  33  3:04  Probe  
  35  3:10  Stalker  
  35  3:14  Probe  
  35  3:16  Probe  
  39  3:23  Gateway  
  39  3:26  Probe  
  40  3:32  Probe  
  41  3:38  Probe  
  41  3:39  Robotics Facility  
  42  3:44  Probe  
  42  3:46  Stalker  
  41  3:50  Probe  
  42  3:56  Probe  
  42  4:02  Probe  
  44  4:08  Probe  
  45  4:14  Probe  
  42  4:22  Stalker  
  42  4:24  Warp Prism  
  44  4:30  Gateway  
  45  4:33  Gateway  
  45  4:35  Pylon  
  45  4:38  Pylon  
  45  4:39  Probe  
  46  4:46  Pylon  
  46  4:53  Probe x2  
  46  4:55  Stalker x2  
  52  5:03  Nexus  
  52  5:05  Pylon  
  52  5:06  Probe  
  53  5:21  Stalker x2  
  53  5:22  Observer  
  53  5:24  Stalker  
  59  5:29  Stalker  
  59  5:40  Probe  
  59  5:43  Probe  
  59  5:49  Stalker x3  
  62  5:51  Observer  
  55  5:58  Probe  
  45  6:12  Stalker x3  
  45  6:15  Stalker  
  45  6:18  Probe  
  50  6:21  Probe  
  48  6:41  Stalker x2  
  48  6:45  Probe  
  48  6:46  Assimilator  
  53  6:47  Stalker  
  53  6:49  Probe  
  53  6:54  Probe  
  56  6:57  Probe  
  59  7:11  Stalker x2  
  59  7:13  Stalker  
  59  7:14  Probe  
  64  7:15  Probe  
  66  7:26  Probe  
  68  7:39  Stalker x3  
  68  7:45  Probe  
  68  7:48  Probe, Stalker  
  67  7:54  Probe  
  67  7:56  Probe  
  68  8:04  Probe x2  
  60  8:20  Stalker x4  
  68  8:27  Probe x2  
  58  8:39  Probe x2  
  58  8:51  Probe  
  59  8:56  Warp Prism  
  59  8:57  Stalker x2  
  59  8:58  Stalker x2  
  59  8:59  Probe  
  59  9:02  Probe  
  68  9:07  Probe  
  71  9:14  Probe  
  71  9:16  Pylon  
  69  9:28  Charge  
  63  9:32  Stalker x4  
  58  10:09  Stalker x4  
  58  10:13  Probe  
  64  10:15  Probe  
  64  10:20  Assimilator, Stargate  
  64  10:21  Probe, Nexus  
  66  10:27  Pylon  
  66  10:28  Probe  
  68  10:36  Stalker  
  68  10:37  Probe  
  68  10:40  Probe  
  72  10:48  Probe, Stalker x2  
  67  10:53  Probe  
  67  10:56  Probe  
  65  11:05  Probe  
  66  11:13  Probe  
  66  11:15  Probe  
  68  11:21  Probe  
  69  11:27  Probe  
  69  11:31  Probe x2  
  70  11:39  Probe x2  
  73  11:44  Probe  
  71  11:47  Stalker x3  
  71  11:51  Probe  
Tags
 
Add a new tag
Caveats
  • Supply blocks, unpowered buildings, or Contaminate may cause inaccurate times.
  • Supply counts are checked every 10 seconds.